Map: Orbital Shipyard

Players

CaptRaynor - Winner!

  • Race: Zerg Zerg
  • League: Grandmaster

Thecomebak

  • Race: Terran Terran
  • League: Grandmaster

VOD

Have the link to the VOD?

Description

Time

  • Played on: June 7, 2015, 12:53 a.m.
  • Length: 23:46
Show
View Real Time Build Order
Export as new Build Order

CaptRaynor Zerg - Winner!

Build Orders: Hatch First 

Get SALT Encoding   

  12  0:03  Drone  
  13  0:20  Drone  
  14  0:21  Overlord  
  14  0:40  Drone x2  
  16  1:08  Hatchery  
  16  1:09  Drone, Spawning Pool  
  15  1:12  Drone  
  15  1:16  Drone  
  17  1:30  Drone  
  18  1:34  Extractor  
  18  1:35  Drone  
  18  1:44  Drone  
  19  1:55  Overlord  
  19  1:59  Queen  
  21  2:04  Drone  
  22  2:19  Extractor  
  22  2:21  Drone x2  
  22  2:22  Queen  
  25  2:26  Overlord  
  25  2:35  Drone  
  26  2:39  Queen  
  28  2:47  Drone x2  
  28  2:48  Drone  
  31  2:58  Drone x2  
  31  3:04  Queen  
  35  3:10  Drone x2  
  37  3:13  Drone  
  37  3:17  Drone  
  39  4:01  Lair  
  39  4:06  Roach Warren  
  39  4:07  Drone x3  
  39  4:08  Drone x3  
  44  4:11  Overlord x6  
  44  4:30  Queen  
  46  5:17  Roach  
  46  5:18  Roach x6  
  46  5:19  Roach x4  
  68  5:50  Zergling x2  
  68  5:51  Zergling x22  
  80  6:23  Hatchery  
  80  6:24  Drone x8, Spire  
  80  6:25  Drone x4  
  90  6:28  Extractor  
  89  6:39  Metabolic Boost  
  89  6:41  Glial Reconstitution  
  89  6:54  Overlord x6  
  89  7:20  Queen x2  
  93  7:39  Mutalisk x4  
  93  7:40  Mutalisk x3  
  107  8:12  Zerg Flyer Weapons Level 1  
  107  8:21  Zergling x8  
  107  8:22  Zergling x10  
  116  8:52  Extractor  
  115  8:55  Mutalisk  
  115  8:56  Mutalisk x6  
  70  9:44  Zergling x2  
  70  9:45  Zergling x16  
  79  9:47  Queen  
  81  9:55  Hydralisk Den  
  81  9:57  Drone  
  81  10:05  Nydus Network  
  80  10:34  Baneling Nest, Muscular Augments  
  79  10:37  Hydralisk x4  
  79  10:38  Hydralisk x3  
  79  10:39  Zergling x2  
  79  10:40  Hatchery, Zergling x16  
  101  11:13  Zerg Flyer Weapons Level 2  
  101  11:36  Nydus Canal  
  98  12:44  Mutalisk  
  98  12:45  Mutalisk x9  
  118  12:53  Zergling x2  
  118  12:54  Zergling x24  
  131  13:01  Lurker Den  
  131  13:21  Baneling x5  
  131  13:23  Baneling  
  131  13:30  Baneling x3  
  132  13:41  Zergling x4  
  132  13:42  Zergling x20  
  132  13:43  Zergling x4  
  132  13:44  Zergling x2  
  92  15:05  Drone x3  
  47  16:04  Hatchery  
  44  17:05  Hatchery  
  43  17:11  Hatchery  
  39  18:07  Hatchery  
  39  18:10  Drone x3  
  40  19:08  Spawning Pool  
  37  19:25  Drone  
  38  19:32  Extractor  
  35  19:49  Drone x2  
  37  19:56  Drone x3  
  31  21:14  Drone x3  
  34  21:23  Hatchery  
  31  21:50  Drone  
  31  21:51  Drone x2  
  34  21:55  Spawning Pool  
  23  23:11  Drone x3  
Show
View Real Time Build Order
Export as new Build Order

Thecomebak Terran 

Build Orders: Liberator Opening, Mech 

Get SALT Encoding   

  12  0:07  SCV  
  13  0:19  SCV  
  14  0:31  SCV  
  15  0:38  Supply Depot  
  15  0:52  Supply Depot  
  15  0:53  Refinery  
  15  0:59  SCV  
  15  1:00  Barracks  
  16  1:11  SCV  
  16  1:12  Refinery  
  17  1:24  SCV  
  18  1:36  SCV  
  19  1:48  SCV  
  19  1:51  Factory  
  20  2:00  Orbital Command  
  20  2:05  Reaper  
  21  2:27  SCV  
  22  2:36  Supply Depot  
  22  2:39  SCV  
  22  2:40  Supply Depot  
  23  2:44  Engineering Bay  
  23  2:45  Starport  
  23  2:46  Factory Tech Lab  
  23  2:51  SCV  
  24  3:03  SCV  
  24  3:04  Barracks Reactor  
  25  3:08  Cyclone  
  28  3:15  SCV  
  28  3:17  Missile Turret  
  29  3:21  Starport Tech Lab  
  28  3:41  Cyclone  
  31  3:51  Liberator  
  31  3:52  SCV  
  32  4:04  Command Center, SCV  
  32  4:09  Marine x2  
  37  4:16  SCV  
  38  4:17  Supply Depot  
  38  4:27  Marine x2  
  40  4:45  Liberator  
  40  4:59  Cyclone  
  43  5:04  Marine x2  
  47  5:07  SCV  
  47  5:13  Supply Depot  
  48  5:18  Supply Depot  
  48  5:19  SCV  
  49  5:22  Marine  
  47  5:42  Cyclone, Marine  
  50  5:43  Orbital Command, Marine  
  52  5:55  Factory  
  52  6:11  Armory  
  52  6:13  Orbital Command  
  52  6:24  Hellion  
  54  6:29  SCV  
  55  6:35  Supply Depot  
  55  6:37  Supply Depot  
  55  6:46  Hellion  
  57  6:48  SCV  
  58  6:54  Factory Reactor  
  58  6:57  Refinery  
  58  6:59  Supply Depot  
  58  7:00  SCV  
  59  7:02  Barracks  
  59  7:03  Supply Depot, Medivac  
  59  7:07  Hellion  
  63  7:10  SCV  
  63  7:12  SCV  
  63  7:13  Terran Vehicle Weapons Level 1  
  65  7:18  Marine x2  
  65  7:19  Command Center  
  67  7:23  Supply Depot  
  67  7:24  Infernal Pre-Igniter  
  67  7:26  Supply Depot  
  67  7:27  SCV  
  68  7:36  Marine x2  
  70  7:38  Hellbat x2  
  74  7:47  Supply Depot  
  74  7:50  Supply Depot  
  74  8:04  Thor  
  80  8:06  Hellbat x2  
  80  8:10  Marine x2  
  80  8:11  Supply Depot  
  86  8:15  Supply Depot  
  86  8:16  Missile Turret  
  86  8:17  SCV  
  86  8:19  Missile Turret  
  87  8:20  SCV  
  87  8:21  Barracks Reactor  
  87  8:23  Missile Turret  
  87  8:26  Missile Turret  
  88  8:29  Missile Turret  
  88  8:33  SCV  
  89  8:35  Supply Depot  
  89  8:41  Marine x2  
  90  8:45  SCV  
  92  8:50  SCV  
  93  8:59  Cyclone  
  93  9:00  Hellbat x2  
  93  9:02  SCV  
  92  9:21  SCV  
  85  9:27  Missile Turret  
  78  9:33  SCV  
  79  9:42  Cyclone  
  79  9:43  Hellbat x2  
  79  9:44  Marine x2  
  88  9:49  SCV  
  89  9:54  Refinery  
  89  9:55  Orbital Command  
  89  10:01  Marine  
  89  10:02  SCV, Marine  
  92  10:12  Marine  
  92  10:13  Marine  
  92  10:14  SCV  
  95  10:17  Hellbat  
  95  10:18  Hellbat  
  95  10:19  Marine x2  
  101  10:30  SCV, Marine  
  103  10:35  Missile Turret  
  103  10:50  Raven  
  105  11:05  Sensor Tower  
  103  11:31  Missile Turret  
  103  11:33  Thor, Hellbat  
  103  11:34  Hellbat  
  103  11:35  Marine x4  
  117  11:43  SCV  
  118  11:53  Marine x4  
  107  12:05  Hellbat x2  
  103  12:11  Marine x4  
  100  12:15  Thor  
  106  12:28  Marine  
  106  12:29  Marine x3  
  110  12:31  Hellbat x2  
  110  12:34  Terran Infantry Weapons Level 1  
  114  12:44  SCV  
  114  12:46  Marine  
  114  12:47  Sensor Tower  
  114  12:50  Refinery  
  116  12:52  Refinery  
  116  12:56  SCV  
  117  12:58  Thor  
  117  12:59  Supply Depot  
  117  13:00  Supply Depot  
  123  13:06  SCV  
  123  13:08  SCV  
  123  13:11  Liberator, Hellbat  
  123  13:12  Marine  
  126  13:22  Supply Depot  
  125  13:41  Cyclone  
  125  13:44  Marine x2  
  109  13:59  Marine x2  
  110  14:13  Cyclone  
  111  14:19  Marine x2  
  91  14:58  Hellbat  
  95  15:05  Command Center, Hellbat  
  88  15:50  Orbital Command  
  88  15:53  Supply Depot  
  85  17:15  Supply Depot  
  84  17:56  Supply Depot  
  84  18:41  Command Center  
  77  20:01  Engineering Bay  
  58  22:10  Supply Depot  
  37  22:57  Command Center  
Tags
 
Add a new tag
Caveats
  • Supply blocks, unpowered buildings, or Contaminate may cause inaccurate times.
  • Supply counts are checked every 10 seconds.